 Dungeon Crawl Stone Soup version 0.23-a0-629-gae4348f (webtiles) character file.

195218 russianmonk1111 the Imperceptible (level 17, -1/108 HPs)
             Began as a Spriggan Enchanter on Dec 24, 2018.
             Was an Initiate of Gozag.
             Hit by a javelin thrown by a merfolk javelineer (26 damage)
             ... on level 1 of the Shoals on Dec 26, 2018.
             The game lasted 04:03:14 (43947 turns).

russianmonk1111 the Imperceptible (SpEn)           Turns: 43947, Time: 04:03:14

Health: -1/108     AC: 10    Str:  8    XL:     17   Next: 70%
Magic:  19/32      EV: 39    Int: 23    God:    Gozag
Gold:   1042       SH:  0    Dex: 19    Spells: 3/36 levels left

rFire    + + .     SeeInvis +   a - +6 quick blade of the Depths {flame, Str+4 Stlth+}
rCold    + + .     Gourm    .   (shield restricted)
rNeg     + + .     Faith    .   P - +2 robe {rC+ rF+}
rPois    +         Spirit   .   R - -2 hat of the Alchemist {rElec rPois rF+ rC+ rN+ MR+ rMut rCorr}
rElec    +         Reflect  .   Q - +2 cloak
rCorr    +         Harm     .   (gloves unavailable)
rMut     +                      (boots unavailable)
MR       +++..                  E - amulet of Vitality {Regen+ HP+15}
Stlth    +++++.....             s - ring "Meulab" {AC+5 Dex+2}
HPRegen  0.68/turn              A - ring of the Ant {rPois rN+ EV+4 Slay+4}
MPRegen  0.23/turn

@: slow
A: very small, unfitting armour, see invisible, herbivore, speed 3, slow
metabolism 2
}: 1/15 runes: serpentine
a: Potion Petition, Call Merchant, Bribe Branch, Renounce Religion


You were on level 1 of the Shoals.
You worshipped Gozag.
Gozag was most pleased with you.
You were hungry.

You visited 6 branches of the dungeon, and saw 29 of its levels.
You also visited: Bailey and Ice Cave.

You collected 12575 gold pieces.
You spent 6137 gold pieces at shops.
You paid 5396 gold pieces to Gozag.

Inventory:

Hand Weapons
 a - the +6 quick blade of the Depths (weapon) {flame, Str+4 Stlth+}
   (You acquired it on level 7 of the Dungeon)

   It has been specially enchanted to burn those struck by it, causing extra
   injury to most foes and up to half again as much damage against particularly
   susceptible opponents.
   It affects your strength (+4).
   It makes you more stealthy.
 b - the +10 shortbow of Ukelinixt {venom, rN+ MR++ Str+3}
   (You found it on level 6 of the Lair of Beasts)

   It poisons the ammo it fires.
   It affects your strength (+3).
   It protects you from negative energy.
   It affects your resistance to hostile enchantments.
 V - a +6 quick blade of protection
Missiles
 B - 7 throwing nets (quivered) {!f}
 N - 488 arrows
Armour
 C - the +2 robe of the Great Game {rPois rN+ Int+4}
   (You bought it in a shop on level 2 of the Orcish Mines)

   It affects your intelligence (+4).
   It protects you from poison.
   It protects you from negative energy.
 P - a +2 robe of resistance (worn)
 Q - a +2 cloak (worn)
 R - the -2 hat of the Alchemist (worn) {rElec rPois rF+ rC+ rN+ MR+ rMut rCorr}
   (You found it in an ice cave)

   It protects you from fire.
   It protects you from cold.
   It insulates you from electricity.
   It protects you from poison.
   It protects you from negative energy.
   It affects your resistance to hostile enchantments.
   It provides partial protection from all sources of acid and corrosion.
   It protects you from mutation.
 Y - a scarf of resistance
Jewellery
 s - the ring "Meulab" (left hand) {AC+5 Dex+2}
   (You bought it in a shop on level 1 of the Snake Pit)

   [ring of protection]

   It affects your AC (+5).
   It affects your dexterity (+2).
 A - the ring of the Ant (right hand) {rPois rN+ EV+4 Slay+4}
   (You bought it in a shop on level 1 of the Snake Pit)

   [ring of evasion]

   It affects your evasion (+4).
   It affects your accuracy and damage with ranged weapons and melee attacks
   (+4).
   It protects you from poison.
   It protects you from negative energy.
 E - the amulet of Vitality (around neck) {Regen+ HP+15}
   (You bought it in a shop on level 1 of the Snake Pit)

   [amulet of regeneration]

   It affects your health (+15).
   It increases your rate of regeneration.
 G - a +4 ring of protection
Wands
 h - a wand of disintegration (39)
 r - a wand of paralysis (8)
 t - a wand of iceblast (18)
 L - a wand of digging (17)
 M - a wand of enslavement (9)
 O - a wand of flame (48)
 T - a wand of acid (5)
 W - a wand of scattershot (5)
Scrolls
 c - a scroll of summoning
 f - 8 scrolls of remove curse {@r2}
 g - 5 scrolls of fog
 j - 8 scrolls of teleportation {@r4}
 y - 2 scrolls of vulnerability {!r}
 z - 4 scrolls of immolation {!r}
 D - 4 scrolls of acquirement
 H - 2 scrolls of enchant armour
 J - a scroll of blinking
 K - 2 scrolls of magic mapping
 S - 2 scrolls of amnesia
Potions
 e - 3 potions of resistance
 k - 4 potions of berserk rage
 l - 4 potions of might
 m - 7 potions of heal wounds {@q2}
 n - 2 potions of magic
 o - 6 potions of haste {@q3}
 p - 7 potions of cancellation
 q - 4 potions of mutation {!q}
 u - 3 potions of lignification {!q}
 v - 18 potions of curing {@q1}
 w - 7 potions of brilliance
 x - 2 potions of ambrosia
 F - 4 potions of flight
 I - 2 potions of agility
 X - 2 potions of invisibility
Miscellaneous
 i - a sack of spiders
 U - a phial of floods
Comestibles
 d - 50 rations {!d}


   Skills:
 + Level 11.8 Fighting
 - Level 8.0 Short Blades
 * Level 12.9 Bows
 + Level 19.4 Dodging
 + Level 21.2 Stealth
   Level 7.2 Shields
 - Level 10.0 Spellcasting
 - Level 13.0 Hexes
 * Level 3.2 Translocations
 - Level 4.0 Transmutations
 - Level 6.0 Evocations


You had 3 spell levels left.
You knew the following spells:

 Your Spells              Type           Power        Failure   Level  Hunger
a - Ensorcelled Hibernat  Hex/Ice        #####.       1%          2    None
b - Invisibility          Hex            ######..     4%          6    ######.
c - Confuse               Hex            ######..     1%          3    None
d - Tukima's Dance        Hex            ######..     1%          3    None
f - Cause Fear            Hex            ######....   1%          4    #......
q - Passage of Golubria   Tloc           N/A          14%         4    #......
s - Dazzling Spray        Conj/Hex       #####.       1%          3    None
v - Yara's Violent Unrav  Hex/Tmut       ######....   4%          5    ####...
w - Passwall              Tmut/Erth      ###.....     3%          2    None
z - Confusing Touch       Hex            ######       1%          1    None

Your spell library contained the following spells:

 Spells                   Type           Power        Failure   Level  Hunger
 Apportation              Tloc           ####..       1%          1    None
 Corona                   Hex            ######.      1%          1    None
 Gell's Gravitas          Tloc           ####......   4%          3    None
 Lesser Beckoning         Tloc           ####......   4%          3    None
 Flame Tongue             Conj/Fire      ##...        5%          1    None
 Magic Dart               Conj           ##..         5%          1    None
 Sandblast                Erth           ##....       5%          1    None
 Shock                    Conj/Air       ##..         5%          1    None
 Summon Butterflies       Summ           ##......     5%          1    None
 Searing Ray              Conj           ##....       9%          2    None
 Swiftness                Chrm/Air       ##......     9%          2    None
 Static Discharge         Conj/Air       ##......     17%         3    None
 Stone Arrow              Conj/Erth      ##....       17%         3    None
 Fulminant Prism          Conj/Hex       #####.....   3%          4    #......
 Darkness                 Hex            ######....   4%          6    ######.
 Metabolic Englaciation   Hex/Ice        #####.....   11%         5    ####...
 Petrify                  Tmut/Erth      ###.....     24%         4    #......
 Force Lance              Conj/Tloc      ###.....     28%         4    #......
 Airstrike                Air            ##........   50%         4    #......
 Iskenderun's Mystic Bla  Conj           ##......     50%         4    #......
 Alistair's Intoxication  Tmut/Pois      ###.....     56%         5    ####...
 Lee's Rapid Deconstruct  Erth           ##........   83%         5    ####...
 Lightning Bolt           Conj/Air       ##........   83%         5    ####...
 Bolt of Fire             Conj/Fire      ##........   100%        6    ######.
 Dragon Form              Tmut           ####......   100%        7    #######
 Dragon's Call            Summ           ##........   100%        9    #######


Dungeon Overview and Level Annotations

Branches:
Dungeon (15/15)            Temple (1/1) D:4            Lair (6/6) D:8
 Shoals (1/4) Lair:3        Snake (4/4) Lair:4        Slime (0/5) Lair:5
    Orc (2/2) D:11            Elf (0/3) Orc:2        Vaults (0/5) D:13
 Depths (0/5) D:15

Altars:
Ashenzari
Cheibriados
Dithmenos
Elyvilon
Fedhas
Gozag
Hepliaklqana
Kikubaaqudgha
Makhleb
Nemelex Xobeh
Okawaru
Qazlal
Ru
Sif Muna
Trog
Uskayaw
Vehumet
Wu Jian
Xom
Yredelemnul
Zin
The Shining One
Beogh
Jiyva

Shops:
D:5 [   D:10 :   D:13 *   Orc:2 (*:*(*!}*(}   Lair:3 :*   Snake:1 =}}=

Annotations:
D:3 3 runed doors, domi's ghost, amateur GrFE


Innate Abilities, Weirdness & Mutations

You are very small and have problems with some larger weapons.
You are too small for most types of armour.
You have supernaturally acute eyesight. (SInv)
You are a herbivore.
You cover ground extremely quickly.
You need to consume almost no food.


Message History

You hit the merfolk javelineer. You burn the merfolk javelineer.
The merfolk javelineer hits you with a +0 spear!
* * * LOW HITPOINT WARNING * * *
The merfolk javelineer seems less confused.
The merfolk javelineer misses you.
As you read the scroll of teleportation {@r4}, it crumbles to dust.
You feel strangely unstable.
The merfolk javelineer completely misses you.
The merfolk javelineer throws a javelin.
The javelin closely misses you.
You hear a splash.
The merfolk javelineer throws a javelin.
The javelin completely misses you.
You hear a splash.
Your surroundings seem slightly different.
Splash!
The merfolk javelineer throws a javelin.
The javelin hits you!!
You die...
Your body crumbles into a pile of gold.

≈≈≈≈≈≈≈≈≈≈≈≈≈≈≈≈
≈≈≈≈≈≈≈≈≈≈≈≈≈≈≈≈≈≈≈≈≈≈≈≈
≈≈≈≈≈≈≈≈≈≈≈≈≈≈≈≈≈≈≈≈≈≈≈≈≈≈
≈≈≈≈≈≈≈≈≈≈≈≈≈≈≈≈≈≈≈≈≈≈≈≈≈≈≈≈≈
≈≈≈≈≈≈≈≈≈≈≈≈≈≈≈≈≈≈≈≈≈≈≈≈≈≈≈≈≈
≈≈≈≈≈≈≈≈≈≈≈≈≈≈≈≈≈≈≈≈≈≈≈≈≈≈≈≈≈
≈≈≈≈≈≈≈≈≈≈≈≈≈≈≈≈≈≈≈≈≈≈≈≈≈≈≈≈≈
≈≈≈≈≈≈≈≈≈≈≈≈≈≈≈≈≈≈≈≈≈≈≈P≈≈≈≈P
≈≈≈≈≈≈≈≈≈≈≈≈@≈≈≈≈≈≈≈≈≈≈≈≈≈≈.P
≈≈≈≈≈≈≈m≈≈(≈(≈≈≈≈≈≈≈≈≈≈≈≈≈≈≈≈
≈≈≈≈≈≈≈(≈((≈≈(≈≈≈≈≈≈≈≈≈P..PP≈
≈≈≈≈≈≈≈≈≈≈≈≈≈...≈≈≈≈≈≈≈≈..≈≈≈
≈≈≈≈≈≈≈≈≈≈≈≈≈.##≈≈≈≈≈≈≈P≈≈≈..
≈≈≈≈≈≈≈≈≈≈≈≈..#...≈≈P≈≈≈≈≈...
≈≈≈≈≈≈≈≈≈≈≈§≈.....≈≈≈≈≈≈≈≈P.>
≈≈≈≈≈≈≈≈≈≈≈≈≈..##..≈≈≈≈≈≈P...
≈≈≈≈≈≈≈≈≈≈≈((>.##...≈≈≈≈...##


You could see a merfolk javelineer.

Vanquished Creatures
  Vashnia (Snake:4)
  Roxanne (Snake:1)
  Frances (Snake:1)
  Kirke (Lair:4)
  7 nagarajas
  A frost giant (IceCv)
  2 stone giants
  Snorg (D:11)
  A merfolk impaler (Shoals:1)
  Erolcha (D:13)
  10 naga warriors
  A vault guard (D:13)
  5 hydras
  9 anacondas
  The ghost of ezpacito the Cleaver, a journeyman DsBe of Trog (D:14)
  A merfolk avatar (Shoals:1)
  A centaur warrior (D:13)
  10 death yaks
  2 catoblepae (Lair:6)
  A deep troll shaman (Lair:6)
  A two-headed ogre (D:13)
  6 shock serpents
  2 tengu warriors (D:13)
  Urug (D:12)
  3 orc high priests (Orc:2)
  Nergalle (D:12)
  24 naga sharpshooters
  A deep elf knight (D:15)
  A fire crab (Lair:5)
  A salamander mystic (Snake:3)
  3 unseen horrors
  3 sea snakes (Shoals:1)
  4 wizards (D:13)
  10 naga ritualists
  Pikel (D:6)
  5 orc knights
  A glowing orange brain (D:15)
  A lindwurm (Lair:6)
  2 wolf spider zombies (D:15)
  5 harpies (Shoals:1)
  A necromancer (D:13)
  5 mana vipers
  4 cyclopes
  8 elephants
  3 orc sorcerers (Orc:2)
  10 salamanders
  6 ugly things
  2 manticores
  2 ice statues (IceCv)
  23 naga magi
  Maurice (D:8)
  A black mamba (shapeshifter) (D:15)
  A merfolk siren (Shoals:1)
  A guardian serpent (Snake:4)
  A guardian serpent (shapeshifter) (D:14)
  A water nymph (Shoals:1)
  48 black mambas
  8 spiny frogs
  2 kobold demonologists (D:12)
  2 komodo dragons
  8 merfolk
  A queen bee (Lair:3)
  5 trolls
  15 polar bears
  13 blink frogs
  A wind drake (Shoals:1)
  Prince Ribbit (D:8)
  10 slime creatures (D:15)
  6 hippogriffs
  A snapping turtle (Shoals:1)
  4 dream sheep (Lair:6)
  2 vampires
  2 spriggans (shapeshifter)
  A tarantella (shapeshifter) (D:15)
  A wraith (D:6)
  A spriggan (Lair:3)
  3 wyverns
  4 fire bats
  17 humans (D:13)
  3 hungry ghosts
  A yak (shapeshifter) (D:15)
  56 yaks
  A basilisk (Lair:6)
  A fire elemental (Lair:2)
  A hog (Lair:4)
  Eustachio (D:6)
  5 vampire mosquitoes
  A steam dragon (D:10)
  Edmund (D:5)
  32 nagas
  2 wargs
  Menkaure (D:5)
  28 water moccasins
  Duvessa (D:6)
  2 acid dragons (D:11)
  8 porcupines
  36 orc warriors
  5 black bears
  A necrophage (D:8)
  2 hornet zombies
  2 eyes of draining
  3 ice beasts
  3 phantoms
  A slave (D:6)
  4 sky beasts
  11 centaurs
  14 ogres
  33 wolves
  8 crocodiles
  4 big kobolds
  5 gnoll sergeants
  14 bullfrogs
  Dowan (D:6)
  A wyvern skeleton (D:9)
  3 troll zombies (D:11)
  3 scorpions
  30 killer bees
  10 wights
  A howler monkey (D:11)
  An electric eel (Lair:3)
  10 crimson imps
  2 bullfrog zombies
  9 centaur zombies
  5 jellies
  8 hounds
  4 bullfrog skeletons
  5 centaur skeletons
  18 orc priests
  Jessica (D:2)
  2 gnoll shamans (D:5)
  Ijyb (D:5)
  3 iguanas
  21 orc wizards
  10 worker ants
  A killer bee zombie (D:6)
  4 ogre zombies (D:11)
  2 hound skeletons
  A howler monkey zombie (D:11)
  26 gnolls
  2 howler monkey skeletons
  17 adders
  2 shadow imps
  2 oozes
  An adder zombie (D:7)
  5 worms
  4 dart slugs
  8 leopard geckos
  123 orcs
  5 ball pythons
  7 bats
  7 giant cockroaches
  2 gnoll zombies (D:6)
  12 goblins
  12 hobgoblins
  11 jackals
  5 quokkas
  5 frilled lizards
  A goblin skeleton (D:11)
  A goblin zombie (D:11)
  2 hobgoblin skeletons (D:11)
  3 hobgoblin zombies (D:11)
  25 kobolds
  2 leopard gecko skeletons (D:4)
  3 orc skeletons (D:11)
  14 orc zombies (D:11)
  13 rats
1128 creatures vanquished.

Vanquished Creatures (collateral kills)
  An orc warrior (Orc:2)
  An orc priest (D:6)
  A gnoll (D:5)
  6 orcs
9 creatures vanquished.

Vanquished Creatures (others)
  A human (Lair:4)
  5 dancing weapons
  An orc wizard (Orc:2)
  A ball python (Lair:4)
  2 fungi
  3 plants (Lair:6)
13 creatures vanquished.

Grand Total: 1150 creatures vanquished

Notes
Turn   | Place    | Note
-------+----------+-------------------------------------------
     0 | D:1      | russianmonk1111 the Spriggan Enchanter began the quest for
                  | the Orb.
     0 | D:1      | Reached XP level 1. HP: 9/9 MP: 5/5
   349 | D:1      | Reached XP level 2. HP: 13/13 MP: 4/6
   353 | D:1      | Learned a level 2 spell: Ensorcelled Hibernation
   459 | D:1      | Reached skill level 5 in Stealth
  1778 | D:1      | Reached XP level 3. HP: 16/16 MP: 8/8
  1943 | D:2      | Learned a level 3 spell: Tukima's Dance
  1992 | D:2      | Noticed Jessica
  2000 | D:2      | Killed Jessica
  2000 | D:2      | Reached skill level 6 in Stealth
  2008 | D:2      | Reached XP level 4. HP: 21/21 MP: 8/10
  2170 | D:2      | Found a glowing silver altar of Zin.
  2255 | D:2      | Learned a level 3 spell: Confuse
  2394 | D:2      | Found a faded altar of an unknown god.
  2649 | D:2      | Found a hide-covered altar of Uskayaw.
  2857 | D:3      | Found a runed gate.
  2858 | D:3      | Found a runed gate.
  2859 | D:3      | Found a runed gate.
  2861 | D:3      | Noticed domi's ghost (amateur GrFE)
  2904 | D:3      | Reached skill level 7 in Stealth
  3162 | D:3      | Reached XP level 5. HP: 24/24 MP: 12/12
  3366 | D:3      | Noticed a moth of wrath
  3369 | D:3      | Found a bloodstained altar of Trog.
  3894 | D:4      | Learned a level 3 spell: Dazzling Spray
  3895 | D:4      | Noticed an ogre
  3903 | D:4      | Killed an ogre
  3903 | D:4      | Reached skill level 8 in Stealth
  3903 | D:4      | Reached skill level 5 in Hexes
  3914 | D:4      | Reached XP level 6. HP: 28/28 MP: 8/13
  4018 | D:4      | Found a sacrificial altar of Ru.
  4019 | D:4      | Found a shattered altar of Ashenzari.
  4126 | D:4      | Found a staircase to the Ecumenical Temple.
  4139 | Temple   | Entered the Ecumenical Temple
  4183 | Temple   | Became a worshipper of Gozag Ym Sagoz the Greedy
  4539 | D:5      | Entered Level 5 of the Dungeon
  4547 | D:5      | Noticed Menkaure
  4658 | D:5      | Reached skill level 9 in Stealth
  4658 | D:5      | Reached skill level 5 in Spellcasting
  5151 | D:5      | Noticed Edmund
  5162 | D:5      | Reached XP level 7. HP: 20/32 MP: 8/15
  5668 | D:5      | Killed Menkaure
  6143 | D:5      | Found a glowing golden altar of the Shining One.
  6274 | D:5      | Reached skill level 10 in Stealth
  6537 | D:5      | Reached skill level 5 in Dodging
  6544 | D:5      | Killed Edmund
  6544 | D:5      | Reached XP level 8. HP: 30/36 MP: 11/17
  7403 | D:5      | Noticed Ijyb
  7409 | D:5      | Killed Ijyb
  7598 | D:5      | Found Betuss's Antique Armour Emporium.
  7602 | D:5      | Bought an embroidered robe for 118 gold pieces
  7646 | D:6      | Noticed Duvessa
  7646 | D:6      | Noticed Dowan
  7651 | D:6      | Killed Duvessa
  7661 | D:6      | Killed Dowan
  7700 | D:6      | Found a basalt altar of Yredelemnul.
  7714 | D:6      | Noticed Eustachio
  7723 | D:6      | Killed Eustachio
  7723 | D:6      | Reached skill level 11 in Stealth
  7723 | D:6      | Reached XP level 9. HP: 33/39 MP: 21/21
  7805 | D:6      | Found a burning altar of Makhleb.
  8064 | D:6      | Noticed Pikel
  8100 | D:6      | Killed Pikel
  8100 | D:6      | Reached skill level 5 in Short Blades
  8125 | D:6      | Found an iron altar of Okawaru.
  8188 | D:6      | Reached skill level 10 in Dodging
  8445 | D:6      | Found an ancient bone altar of Kikubaaqudgha.
  8781 | D:7      | Found an ornate altar of the Wu Jian Council.
  8834 | D:7      | Reached skill level 12 in Stealth
  9339 | D:7      | Identified 2 scrolls of acquirement
  9352 | D:7      | Got a shimmering quick blade
  9381 | D:7      | Reached XP level 10. HP: 38/44 MP: 23/23
  9414 | D:7      | Found a radiant altar of Vehumet.
 10124 | D:8      | Learned a level 5 spell: Yara's Violent Unravelling
 10126 | D:8      | Learned a level 1 spell: Confusing Touch
 10239 | D:8      | Found a blossoming altar of Fedhas.
 10436 | D:8      | Noticed Prince Ribbit
 10439 | D:8      | Killed Prince Ribbit
 10439 | D:8      | Reached skill level 1 in Transmutations
 10585 | D:8      | Found a staircase to the Lair.
 10731 | D:8      | Noticed Maurice
 10738 | D:8      | Killed Maurice
 10862 | D:9      | Found a roughly hewn altar of Beogh.
 11684 | D:9      | Reached skill level 1 in Shields
 11714 | D:9      | Found a hazy altar of Hepliaklqana.
 11770 | D:9      | Reached skill level 13 in Stealth
 12142 | D:9      | Identified the +6 quick blade of the Depths {flame, Str+4
                  | Stlth+} (You acquired it on level 7 of the Dungeon)
 12317 | D:10     | Entered Level 10 of the Dungeon
 12887 | D:10     | Reached skill level 1 in Fighting
 13218 | D:11     | Noticed Snorg
 13231 | D:10     | Reached XP level 11. HP: 49/49 MP: 24/24
 13413 | D:11     | Found a staircase to the Orcish Mines.
 13445 | D:11     | Reached skill level 1 in Evocations
 13645 | Lair:1   | Entered Level 1 of the Lair of Beasts
 15053 | Lair:2   | Reached skill level 5 in Evocations
 15147 | Lair:2   | Reached skill level 14 in Stealth
 15193 | Lair:2   | Noticed a six-headed hydra
 15200 | Lair:2   | Killed a six-headed hydra
 16151 | Lair:3   | Reached skill level 5 in Fighting
 16181 | Lair:3   | Reached XP level 12. HP: 60/60 MP: 25/25
 16778 | Lair:3   | Found a staircase to the Shoals.
 17175 | Lair:3   | Reached skill level 15 in Stealth
 17628 | Lair:4   | Noticed Kirke
 17655 | Lair:4   | Killed Kirke
 17655 | Lair:4   | Reached skill level 5 in Shields
 17824 | Lair:4   | Found a staircase to the Snake Pit.
 17833 | Lair:4   | Reached skill level 10 in Hexes
 19114 | Lair:5   | Reached XP level 13. HP: 67/67 MP: 26/26
 19273 | Lair:5   | Found a staircase to the Slime Pits.
 19273 | Lair:5   | Found a viscous altar of Jiyva.
 20817 | Lair:5   | Reached skill level 16 in Stealth
 20979 | Lair:6   | Entered Level 6 of the Lair of Beasts
 22636 | Lair:6   | Reached XP level 14. HP: 66/74 MP: 21/28
 22994 | Lair:6   | Got a steaming shortbow
 23459 | D:11     | Reached skill level 10 in Spellcasting
 24035 | D:11     | Found a deep blue altar of Sif Muna.
 24074 | D:11     | Killed Snorg
 24074 | D:11     | Reached skill level 17 in Stealth
 24564 | Orc:1    | Entered Level 1 of the Orcish Mines
 24613 | Orc:1    | Noticed a stone giant
 24983 | Orc:1    | Killed a stone giant
 24983 | Orc:1    | Reached skill level 15 in Dodging
 25548 | Orc:1    | Found a roughly hewn altar of Beogh.
 25721 | Orc:2    | Entered Level 2 of the Orcish Mines
 25721 | Orc:2    | Found Byvura's Weapon Boutique.
 25751 | Orc:2    | Found Weinal's Assorted Antiques.
 25837 | Orc:2    | Bought a scroll of identify for 64 gold pieces
 25837 | Orc:2    | Bought a scroll labeled WAUDUY KAGO for 32 gold pieces
 25837 | Orc:2    | Identified the +10 shortbow of Ukelinixt {venom, rN+ MR++
                  | Str+3} (You found it on level 6 of the Lair of Beasts)
 25920 | Orc:2    | Noticed a stone giant
 25927 | Orc:2    | Killed a stone giant
 25955 | Orc:2    | Found Linareaq's Assorted Antiques.
 25958 | Orc:2    | Found Juqoclu's Weapon Boutique.
 25968 | Orc:2    | Found Ruchi's Book Shoppe.
 25971 | Orc:2    | Found a roughly hewn altar of Beogh.
 26013 | Orc:2    | Bought a scroll of identify for 62 gold pieces
 26023 | Orc:2    | Bought a book of Party Tricks for 700 gold pieces
 26030 | Orc:2    | Learned a level 6 spell: Invisibility
 26786 | Orc:2    | Found a staircase to the Elven Halls.
 27559 | Orc:2    | Found Suuwett's Gadget Shoppe.
 27559 | Orc:2    | Found Hifux's Gadget Shop.
 27562 | Orc:2    | Found Sufuw's Assorted Antiques.
 27562 | Orc:2    | Found Vof Baun's Distillery.
 27593 | Orc:2    | Bought a potion of invisibility for 104 gold pieces
 27593 | Orc:2    | Bought a potion of heal wounds for 65 gold pieces
 27593 | Orc:2    | Bought a potion of heal wounds for 65 gold pieces
 27594 | Orc:2    | Bought a scroll of identify for 58 gold pieces
 27602 | Orc:2    | Bought a warped platinum amulet for 170 gold pieces
 27602 | Orc:2    | Bought a steaming pewter ring for 170 gold pieces
 27602 | Orc:2    | Bought a tattered robe for 193 gold pieces
 28060 | D:12     | Noticed Nergalle
 28067 | D:12     | Killed Nergalle
 28315 | D:12     | Noticed Urug
 28320 | D:12     | Killed Urug
 29057 | D:13     | Learned a level 4 spell: Cause Fear
 29071 | D:13     | Reached skill level 18 in Stealth
 29117 | D:13     | Found a gate to the Vaults.
 29157 | D:13     | Reached XP level 15. HP: 79/79 MP: 30/30
 29599 | D:13     | Found Upnuynea's Wicked Wares.
 29599 | D:13     | Found a basalt altar of Yredelemnul.
 29640 | D:13     | Noticed Erolcha
 29655 | D:13     | Killed Erolcha
 30268 | D:14     | Found a flagged portal.
 30277 | Bailey   | Entered a bailey
 31212 | D:14     | Identified the amulet of Vuqush {Faith rF+ Stlth+} (You
                  | bought it in a shop on level 2 of the Orcish Mines)
 31214 | D:14     | Identified the ring of Moral Flaws {Str+2 SInv} (You bought
                  | it in a shop on level 2 of the Orcish Mines)
 31557 | D:14     | Identified the +2 robe of the Great Game {rPois rN+ Int+4}
                  | (You bought it in a shop on level 2 of the Orcish Mines)
 31655 | D:14     | Found a runed door.
 31713 | D:14     | Noticed ezpacito's ghost (journeyman DsBe)
 31720 | D:14     | Killed ezpacito's ghost
 31911 | D:15     | Entered Level 15 of the Dungeon
 31980 | D:15     | Found a frozen archway.
 32010 | IceCv    | Entered an ice cave
 32121 | IceCv    | Upgraded the game from 0.23-a0-625-g1d2cd9b to
                  | 0.23-a0-629-gae4348f
 32805 | IceCv    | Reached skill level 10 in Fighting
 32829 | IceCv    | Noticed a frost giant
 32912 | IceCv    | Killed a frost giant
 32912 | IceCv    | Reached skill level 1 in Bows
 33111 | IceCv    | Found the -2 hat of the Alchemist {rElec rPois rF+ rC+ rN+
                  | MR+ rMut rCorr}
 33128 | IceCv    | Got a dazzling hat
 33567 | D:15     | Found a staircase to the Depths.
 33821 | D:15     | Reached skill level 19 in Stealth
 35667 | Snake:1  | Entered Level 1 of the Snake Pit
 35678 | Snake:1  | Noticed Frances
 35701 | Snake:1  | Killed Frances
 35701 | Snake:1  | Reached skill level 5 in Bows
 35799 | Snake:1  | Bought the amulet of Vitality {Regen+ HP+15} for 1106 gold
                  | pieces
 35799 | Snake:1  | Bought the ring of the Ant {rPois rN+ EV+4 Slay+4} for 954
                  | gold pieces
 35799 | Snake:1  | Bought the ring "Meulab" {AC+5 Dex+2} for 926 gold pieces
 35799 | Snake:1  | Found the amulet of Vitality {Regen+ HP+15}
 36094 | Snake:1  | Reached XP level 16. HP: 79/86 MP: 15/31
 36482 | Snake:1  | Noticed Roxanne
 36564 | Snake:1  | Killed Roxanne
 37015 | Snake:1  | Found Fyal's Gadget Shoppe.
 37016 | Snake:1  | Found Hatritt's Jewellery Shop.
 37017 | Snake:1  | Found Jeor's Gadget Shoppe.
 38747 | Snake:3  | Reached skill level 20 in Stealth
 38809 | Snake:3  | Identified the +2 hat of Reason {rN+ Int+3 Dex-4 Stlth+}
                  | (You found it in an ice cave)
 38924 | Snake:3  | Found a sparkling altar of Nemelex Xobeh.
 39170 | Snake:3  | Found a runed gate.
 39170 | Snake:3  | Found a runed gate.
 39170 | Snake:3  | Found a runed gate.
 39457 | Snake:3  | Reached skill level 10 in Bows
 39713 | Snake:4  | Entered Level 4 of the Snake Pit
 40318 | Snake:4  | Noticed Vashnia
 40553 | Snake:4  | Reached XP level 17. HP: 91/91 MP: 30/32
 40592 | Snake:4  | Killed Vashnia
 42670 | Snake:4  | Reached skill level 21 in Stealth
 43062 | Snake:4  | Got a serpentine rune of Zot
 43313 | Lair:3   | Bought a book of Burglary for 1350 gold pieces
 43318 | Lair:3   | Learned a level 4 spell: Passage of Golubria
 43324 | Lair:3   | Learned a level 2 spell: Passwall
 43342 | Shoals:1 | Entered Level 1 of the Shoals
 43402 | Shoals:1 | Reached skill level 1 in Translocations
 43923 | Shoals:1 | Noticed a kraken
 43947 | Shoals:1 | Hit by a javelin thrown by a merfolk javelineer

Vault maps used:
D:1:      lemuel_arrival_broad_hall, chequers_serial_rivers_micro_e
D:2:      zin_statuary, lemuel_doored_altar, chequers_ecumenical_altar_simple,
          uniq_jessica
D:3:      tgw_trog, ebering_ghost_rock_garden, chequers_serial_rivers_small_a,
          minmay_fractal_squares_gapless_5
D:4:      chequers_temple_overflow_statue_of_worship,
          minmay_temple_entry_purple_smoke, chequers_serial_rivers_micro_e
D:5:      nicolae_tso_carved_into_rock, serial_gnoll_camp, gnoll_camp_mini_shop,
          gnoll_camp_huts_basic, gnoll_camp_mini_loothouse,
          gnoll_camp_mini_basic, gnoll_camp_mini_basic, first_ration,
          uniq_edmund, uniq_menkaure, uniq_ijyb
D:6:      okawaru_trees_1, old_standard_altar, nicolae_overflow_crystal_walls,
          lemuel_zombie_altar_yredelemnul, serial_rivers,
          chequers_serial_rivers_large_a, chequers_serial_rivers_room_a,
          chequers_serial_rivers_room_b, chequers_serial_rivers_marsh,
          uniq_pikel, uniq_eustachio, uniq_duvessa
D:7:      marbit_many_paths, overflow_temple_1_default
D:8:      dpeg_oklobed_lair, basic_altar, uniq_maurice, uniq_prince_ribbit1
D:9:      lemuel_crystal_altar
D:11:     zombieorc2_lemuel, tgw_sif, uniq_snorg
D:12:     hangedman_fish_farm, uniq_nergalle, uniq_urug
D:13:     grunt_vaults_entry_tiered, nicolae_evil_shop, uniq_erolcha
D:14:     minivault_25, enter_bailey_2, ebering_ghost_reflecting_pool
D:15:     gammafunk_enter_depths_forms, portal_ice_cave_entry_pillars_1,
          minmay_stone_trees_medium, special_room
Temple:   jpeg_temple_island
Lair:1:   st_stairs_3, beast_lair_carwin_1
Lair:2:   serial_bayou_lagoon_a
Lair:3:   elwin_shoals_entry_rooms, special_room, forest_entry_grove,
          infiniplex_staircase_pool
Lair:4:   minmay_snake_entry_six_corridors, uniq_kirke
Lair:5:   beast_lair_carwin_large_4, slime_altar_1, lemuel_fruit_tree
Lair:6:   grunt_lair_end_beastmaster, serial_bayou_shore_a
Snake:1:  minmay_shop_grove, uniq_roxanne, uniq_frances
Snake:3:  basic_altar, nicolae_snake_horde_hoard
Snake:4:  snake_pit, grunt_ministairs_5, basic_stair_grate_trap, uniq_vashnia
Orc:1:    minmay_orc_temple_b
Orc:2:    grunt_orc_tribal_feast, basic_altar, serial_shops, shop, shop, shop,
          shop, nicolae_shop_trees
Bailey:   bailey_polearm_2, bailey
IceCv:    ice_cave_small_giant

Skill      XL: |  1  2  3  4  5  6  7  8  9 10 11 12 13 14 15 16 17 |
---------------+----------------------------------------------------+-----
Stealth        | 5 6 7 8 9 10 11 12 13 14 15 16 18 19 20 21 | 21.2
Spellcasting   | 3 4 5 7 8 9 10 | 10.0
Hexes          | 4 5 6 7 9 10 11 13 | 13.0
Short Blades   | 3 4 6 8 |  8.0
Dodging        | 5 8 11 12 14 16 17 18 19 | 19.4
Transmutations | 4 |  4.0
Shields        | 2 3 5 7 |  7.2
Fighting       | 1 5 7 8 9 10 11 | 11.8
Evocations     | 6 |  6.0
Bows           | 5 10 12 | 12.9
Translocations | 3 |  3.2

Action                   |  1- 3 |  4- 6 |  7- 9 | 10-12 | 13-15 | 16-18 || total
-------------------------+-------+-------+-------+-------+-------+-------++-------
Melee: Dagger            |    75 |   122 |   348 |   295 |       |       ||   840
       Short sword       |       |    61 |       |       |       |       ||    61
       Quick blade       |       |       |       |   303 |  1321 |   550 ||  2174
 Fire: Shortbow          |       |       |       |       |       |   101 ||   101
Throw: Stone             |       |       |     4 |       |       |       ||     4
 Cast: Corona            |     5 |       |       |       |       |       ||     5
       Ensorcelled Hiber |    16 |    53 |    79 |   250 |   300 |   235 ||   933
       Tukima's Dance    |       |     3 |    28 |     2 |     5 |       ||    38
       Confuse           |       |     3 |    22 |    24 |    27 |     3 ||    79
       Dazzling Spray    |       |       |       |    13 |   147 |    21 ||   181
       Confusing Touch   |       |       |       |       |    22 |    48 ||    70
       Yara's Violent Un |       |       |       |       |     1 |       ||     1
       Invisibility      |       |       |       |       |     3 |       ||     3
       Cause Fear        |       |       |       |       |     1 |       ||     1
Invok: Call Merchant     |       |       |       |     1 |     3 |     2 ||     6
Evoke: Wand              |       |     4 |       |     2 |       |       ||     6
       Phial of floods   |       |       |       |       |     2 |       ||     2
  Use: Scroll            |     1 |    18 |     4 |     6 |    16 |     7 ||    52
       Potion            |       |       |       |     1 |       |       ||     1
 Stab: Sleeping          |    20 |    52 |    49 |   187 |   236 |   122 ||   666
       Confused          |       |     1 |    10 |    17 |    43 |    69 ||   140
       Distracted        |       |       |     3 |     6 |    12 |     2 ||    23
       Invisible         |       |       |       |     2 |    79 |     8 ||    89
  Eat: Ration            |       |     2 |     3 |     5 |     9 |     4 ||    23
Armor: Robe              |     3 |    26 |    15 |    18 |    27 |    24 ||   113
Dodge: Dodged            |    42 |   145 |   238 |   402 |   702 |   444 ||  1973
Block: Buckler           |       |       |       |       |   260 |     3 ||   263

Table legend:
 A = Non-vault XP
 B = Vault XP
 C = Vault XP percentage of total XP
 D = Non-vault monster count
 E = Vault monster count
 F = Vault count percentage of total count
                 A         B        C        D         E       F
            +---------+---------+-------+---------+---------+-------
      Total |  153155 |  114892 |  42.9 |     691 |     445 |  39.2
            +---------+---------+-------+---------+---------+-------
        D:1 |      47 |       0 |   0.0 |      25 |       0 |   0.0
        D:2 |      81 |      37 |  31.4 |      23 |       1 |   4.2
        D:3 |      79 |      17 |  17.7 |      27 |       8 |  22.9
        D:4 |     313 |      44 |  12.3 |      16 |       2 |  11.1
        D:5 |     758 |    1021 |  57.4 |      23 |      32 |  58.2
        D:6 |     853 |    1096 |  56.2 |      27 |       6 |  18.2
        D:7 |    1814 |      43 |   2.3 |      26 |       1 |   3.7
        D:8 |     543 |     730 |  57.3 |      15 |       2 |  11.8
        D:9 |    1911 |     381 |  16.6 |      41 |      26 |  38.8
       D:10 |    1263 |       0 |   0.0 |      22 |       0 |   0.0
       D:11 |    1882 |    2003 |  51.6 |      15 |      36 |  70.6
       D:12 |    7583 |    1925 |  20.2 |      35 |       3 |   7.9
       D:13 |   11735 |    8948 |  43.3 |      45 |      26 |  36.6
       D:14 |    1295 |     966 |  42.7 |       9 |       1 |  10.0
       D:15 |    9226 |    4113 |  30.8 |      31 |      33 |  51.6
     Lair:1 |    2861 |    1753 |  38.0 |      17 |       8 |  32.0
     Lair:2 |    4482 |       0 |   0.0 |      20 |       0 |   0.0
     Lair:3 |    4514 |    3509 |  43.7 |      22 |      34 |  60.7
     Lair:4 |    3384 |    4247 |  55.7 |      14 |      17 |  54.8
     Lair:5 |   10705 |    4941 |  31.6 |      25 |      15 |  37.5
     Lair:6 |    7854 |    9601 |  55.0 |      29 |      18 |  38.3
   Shoals:1 |   10888 |       0 |   0.0 |      20 |       0 |   0.0
    Snake:1 |   13480 |    4284 |  24.1 |      25 |       2 |   7.4
    Snake:2 |   14172 |    1848 |  11.5 |      21 |       2 |   8.7
    Snake:3 |   18340 |    7359 |  28.6 |      34 |      20 |  37.0
    Snake:4 |   18338 |   35797 |  66.1 |      32 |      49 |  60.5
      Orc:1 |    2214 |    1394 |  38.6 |      31 |      12 |  27.9
      Orc:2 |    2540 |    7336 |  74.3 |      21 |      29 |  58.0
     Bailey |       0 |    2095 | 100.0 |       0 |      26 | 100.0
      IceCv |       0 |    9404 | 100.0 |       0 |      36 | 100.0
            +---------+---------+-------+---------+---------+-------
